Map: Blueshift LE

Players

Digitalhelix - Winner!

  • Race: Protoss Protoss
  • Spawn Location: 7:00

STRIKER

  • Race: Zerg Zerg
  • League: Platinum
  • Spawn Location: 1:00

VOD

Have the link to the VOD?

Description

Time

  • Played on: Sept. 11, 2018, 10:47 p.m.
  • Length: 21:45
Show
View Real Time Build Order
Export as new Build Order

Digitalhelix Protoss - Winner!

Build Orders: 1 Gate Expand 

Get SALT Encoding   

  12  0:01  Probe  
  13  0:14  Probe  
  14  0:21  Pylon  
  14  0:26  Probe  
  15  0:36  Probe  
  15  0:39  Gateway  
  16  0:44  Probe  
  16  0:48  Assimilator  
  17  0:53  Probe  
  18  1:05  Probe  
  19  1:17  Probe  
  20  1:30  Nexus  
  20  1:38  Cybernetics Core  
  20  1:41  Probe  
  21  1:48  Pylon  
  21  1:53  Probe  
  21  2:01  Probe, Assimilator  
  23  2:11  Probe  
  23  2:15  Gateway  
  24  2:16  Warp Gate  
  24  2:23  Stalker  
  26  2:35  Probe  
  27  2:42  Probe  
  27  2:43  Probe  
  27  2:46  Pylon  
  27  2:50  Probe  
  30  2:58  Robotics Facility  
  30  3:10  Probe  
  30  3:11  Shield Battery  
  30  3:13  Probe  
  30  3:18  Probe  
  32  3:21  Twilight Council  
  32  3:25  Probe  
  34  3:27  Sentry  
  34  3:28  Probe  
  37  3:35  Assimilator  
  37  3:38  Probe  
  38  3:42  Forge  
  38  3:44  Pylon  
  38  3:46  Probe  
  39  3:50  Probe  
  40  3:56  Charge  
  40  4:00  Probe  
  40  4:03  Probe  
  40  4:08  Probe  
  42  4:13  Observer  
  42  4:15  Probe  
  45  4:22  Protoss Ground Weapons Level 1  
  45  4:24  Gateway  
  45  4:25  Gateway x2  
  45  4:38  Warp Prism, Zealot  
  49  4:51  Probe x2  
  51  4:56  Stalker  
  51  4:59  Gateway  
  53  5:00  Pylon  
  53  5:03  Probe  
  53  5:04  Templar Archives, Pylon  
  55  5:07  Probe  
  55  5:15  Probe  
  56  5:33  Gateway  
  55  5:45  Zealot x3  
  55  5:48  Psionic Storm  
  61  5:51  Nexus, Zealot x2  
  61  5:53  Pylon  
  61  5:56  Pylon  
  65  5:57  Assimilator  
  65  6:07  Protoss Ground Weapons Level 2, Forge  
  65  6:11  Robotics Facility  
  65  6:14  Zealot x2  
  69  6:25  Photon Cannon  
  69  6:26  Probe  
  69  6:27  Probe, Photon Cannon  
  71  6:37  Observer  
  72  6:46  Zealot x3  
  72  6:47  Zealot x2  
  80  7:08  Immortal  
  80  7:09  Probe x2  
  80  7:10  Probe  
  75  7:17  Immortal  
  75  7:18  Probe x2  
  77  7:26  Probe  
  77  7:27  Probe x2  
  78  7:32  Shield Battery  
  80  7:37  High Templar x3  
  80  7:38  Probe  
  80  7:39  High Templar, Probe  
  80  7:40  High Templar  
  92  7:47  Immortal  
  96  7:57  Probe x2  
  96  7:58  Probe  
  99  8:01  Assimilator  
  99  8:05  Assimilator  
  99  8:09  Probe  
  99  8:10  Probe x2  
  99  8:12  Stargate  
  102  8:16  Zealot x3  
  108  8:22  Probe  
  108  8:25  Archon x2  
  93  8:47  Zealot x2  
  93  8:48  Zealot x5  
  105  9:07  Immortal  
  95  9:14  High Templar  
  95  9:15  High Templar x4  
  93  9:20  Archon  
  93  9:21  Archon  
  80  9:32  Zealot  
  80  9:33  Zealot  
  72  9:47  Immortal  
  72  9:51  Zealot  
  72  9:52  Zealot x5  
  92  9:56  Probe x3  
  95  10:08  Pylon, Zealot x2  
  95  10:09  Pylon, Zealot  
  101  10:14  Immortal  
  101  10:25  Immortal  
  97  10:30  Zealot  
  97  10:31  Zealot x5  
  97  10:34  Gateway  
  109  10:36  Protoss Ground Weapons Level 3  
  109  10:39  Protoss Ground Armor Level 1  
  109  10:42  Stargate  
  109  10:45  Pylon x2  
  109  10:47  Pylon  
  109  10:49  Pylon  
  109  10:50  Pylon  
  109  10:52  Pylon, Immortal  
  113  11:05  Immortal  
  113  11:08  High Templar x5  
  127  11:13  Nexus  
  127  11:15  Pylon  
  127  11:18  Pylon  
  127  11:19  Pylon  
  127  11:28  Observer  
  127  11:32  Gateway  
  128  11:34  Observer  
  128  11:35  Gateway  
  128  11:37  Pylon  
  128  11:39  Pylon  
  128  11:42  Warp Prism  
  128  11:44  Observer  
  129  11:52  Photon Cannon  
  129  11:54  Photon Cannon  
  131  11:55  Photon Cannon  
  131  11:58  Photon Cannon  
  131  12:00  Shield Battery  
  131  12:01  Shield Battery  
  131  12:03  Shield Battery  
  131  12:05  Immortal  
  135  12:11  Zealot x3  
  135  12:12  Zealot x2  
  135  12:13  High Templar x2  
  149  12:18  Immortal  
  153  12:44  Immortal  
  153  12:49  Assimilator  
  157  12:52  Assimilator  
  102  13:27  Protoss Ground Armor Level 2  
  102  13:28  Protoss Shields Level 1  
  102  13:30  Immortal x2  
  102  13:32  Stalker x3  
  102  13:33  Stalker x3  
  102  13:34  Zealot  
  120  13:45  Fleet Beacon  
  120  13:58  Zealot x6  
  132  14:09  High Templar, Immortal  
  142  14:10  Immortal  
  142  14:15  Probe  
  142  14:16  Probe  
  144  14:23  High Templar x3  
  144  14:24  High Templar x3  
  162  14:31  Carrier  
  162  14:49  Immortal x2  
  170  15:05  Zealot x3  
  170  15:06  Zealot  
  174  15:28  Observer x2  
  174  15:31  Zealot x3  
  174  15:32  Zealot x4  
  174  15:33  Protoss Ground Armor Level 3  
  174  15:34  Protoss Shields Level 2  
  186  15:46  Carrier  
  186  15:49  Mothership, Observer  
  199  15:56  Warp Prism  
  187  16:11  Immortal  
  190  16:32  Immortal  
  176  16:50  Immortal  
  180  17:05  Graviton Catapult  
  180  17:07  Carrier x2  
  180  17:09  Gateway  
  192  17:31  Zealot x4  
  200  17:39  Nexus  
  200  17:55  Protoss Shields Level 3  
  200  17:56  Nexus  
  200  17:59  Protoss Air Weapons Level 1  
  181  18:48  Zealot x7  
  195  19:07  Assimilator  
  195  19:11  Assimilator, Warp Prism  
  195  19:12  Pylon, Warp Prism  
  195  19:15  Pylon  
  199  19:17  Pylon  
  193  20:30  Photon Cannon  
  193  20:31  Photon Cannon  
  193  20:35  Photon Cannon x3  
  191  20:37  Photon Cannon  
  163  21:16  Zealot x2  
  163  21:17  Zealot x5  
  165  21:39  Zealot x5  
  173  21:40  Zealot x2  
Show
View Real Time Build Order
Export as new Build Order

STRIKER Zerg 

Build Orders: Hatch First, Lurkers 

Get SALT Encoding   

  12  0:04  Drone  
  13  0:10  Drone  
  14  0:17  Overlord  
  14  0:23  Extractor  
  14  0:24  Drone  
  15  0:39  Drone x2  
  17  0:50  Drone  
  18  1:01  Hatchery  
  17  1:12  Spawning Pool  
  17  1:17  Extractor  
  17  1:18  Drone  
  16  1:22  Drone  
  17  1:28  Drone  
  18  1:38  Drone  
  19  1:42  Drone  
  20  2:02  Queen  
  22  2:09  Extractor  
  22  2:15  Zergling x4  
  22  2:16  Zergling x4  
  22  2:17  Queen  
  27  2:27  Metabolic Boost  
  27  2:36  Drone  
  28  2:38  Overlord  
  28  2:52  Overlord  
  28  2:56  Queen  
  28  2:57  Queen  
  32  3:00  Drone  
  32  3:01  Drone  
  33  3:26  Drone x2  
  35  3:34  Drone x2  
  37  3:37  Hatchery  
  37  3:41  Drone x2  
  38  3:55  Drone x5  
  43  4:03  Spore Crawler  
  43  4:06  Spore Crawler  
  43  4:09  Overlord  
  41  4:13  Overlord  
  41  4:27  Roach Warren  
  41  4:28  Drone x4  
  43  4:41  Drone x2  
  43  4:42  Drone x4  
  49  4:50  Drone x2  
  49  4:51  Drone x2  
  53  4:59  Extractor  
  52  5:06  Drone  
  52  5:07  Drone x6  
  55  5:10  Lair  
  59  5:15  Zergling x6  
  62  5:25  Roach  
  62  5:26  Overlord x3  
  65  5:35  Zergling x2  
  65  5:37  Overlord  
  65  5:38  Overlord  
  65  5:47  Drone  
  65  5:48  Drone x6  
  72  5:53  Queen  
  72  5:54  Queen  
  76  5:58  Roach x3  
  82  6:04  Baneling Nest  
  82  6:06  Drone x4  
  82  6:09  Pneumatized Carapace  
  85  6:12  Overseer x2  
  85  6:14  Drone x2  
  87  6:21  Extractor  
  87  6:23  Extractor  
  87  6:25  Spine Crawler  
  84  6:31  Roach x3  
  84  6:32  Roach x5  
  100  6:33  Glial Reconstitution  
  100  6:44  Evolution Chamber  
  99  6:47  Evolution Chamber  
  98  6:58  Roach  
  98  6:59  Roach x4  
  98  7:00  Overlord  
  98  7:01  Overlord x2  
  96  7:23  Roach x2  
  96  7:24  Roach x7  
  96  7:25  Roach x4  
  122  7:34  Drone x3, Spore Crawler  
  122  7:35  Drone x2  
  122  7:36  Zerg Missile Weapons Level 1, Spore Crawler  
  125  7:37  Zerg Ground Armor Level 1  
  125  7:38  Spine Crawler  
  125  7:43  Extractor  
  123  7:47  Zergling x2  
  123  7:48  Zergling x8  
  128  8:12  Overlord x3  
  128  8:17  Ravager  
  123  8:38  Ravager x3  
  123  8:39  Ravager x3  
  127  8:42  Zergling x10  
  127  8:43  Drone x3  
  127  8:44  Drone x5  
  129  9:09  Zergling x6  
  130  9:10  Zergling x10  
  130  9:11  Zergling x4  
  88  9:56  Roach x8  
  88  9:57  Roach  
  106  10:03  Drone  
  106  10:06  Zerg Missile Weapons Level 2, Zerg Ground Armor Level 2  
  103  10:32  Drone x2, Hatchery  
  103  10:33  Drone x7  
  103  10:34  Drone x2  
  113  10:50  Centrifical Hooks  
  113  10:53  Zergling x10  
  113  10:54  Zergling x2  
  113  10:55  Queen x3  
  125  10:57  Hydralisk Den  
  125  11:00  Spine Crawler x2  
  122  11:05  Zergling x2  
  122  11:06  Zergling x10  
  132  11:25  Roach x2  
  132  11:26  Roach x6  
  132  11:29  Muscular Augments  
  144  11:49  Zergling x8  
  144  11:50  Zergling x14  
  155  11:55  Infestation Pit  
  155  11:58  Lurker Den  
  155  12:00  Drone x5  
  158  12:23  Overlord x2  
  158  12:24  Overlord x3  
  158  12:41  Hydralisk x3, Queen  
  158  12:42  Hydralisk x7  
  158  12:43  Hydralisk x3  
  186  12:51  Baneling x5  
  186  12:52  Baneling x8  
  186  12:53  Baneling  
  186  12:55  Zergling x16  
  94  13:33  Hydralisk x6  
  94  13:34  Hydralisk x7  
  120  13:41  Extractor  
  120  13:42  Extractor  
  118  14:06  Lurker x4  
  118  14:07  Lurker  
  118  14:08  Lurker  
  124  14:13  Zergling x12  
  124  14:14  Zergling x8  
  134  14:26  Hatchery  
  133  14:35  Drone  
  133  14:36  Drone x3  
  125  15:15  Zergling x8  
  125  15:16  Zergling x16  
  125  15:17  Zergling x4  
  133  15:29  Hatchery  
  133  15:34  Roach  
  133  15:35  Roach x5  
  144  16:01  Hydralisk x5  
  144  16:02  Hydralisk x4  
  162  16:17  Hatchery  
  111  17:02  Spire  
  111  17:07  Spire  
  111  17:08  Roach x7  
  121  17:09  Roach x3  
  121  17:11  Burrow  
  121  17:14  Lurker x2  
  121  17:15  Lurker x4  
  135  17:21  Evolution Chamber  
  134  17:22  Queen  
  134  17:23  Queen  
  134  17:24  Evolution Chamber  
  134  17:27  Queen  
  139  17:31  Drone x2  
  139  17:32  Drone x5  
  139  17:33  Drone x3  
  149  17:42  Grooved Spines  
  146  17:58  Queen x2  
  146  18:03  Queen  
  152  18:06  Zerg Melee Weapons Level 1  
  152  18:18  Mutalisk x6  
  152  18:19  Mutalisk x7  
  168  18:20  Mutalisk x2  
  182  18:37  Spine Crawler  
  182  18:38  Spine Crawler  
  182  18:39  Spine Crawler  
  179  18:45  Hive  
  179  18:51  Evolution Chamber  
  178  18:58  Drone x7  
  178  18:59  Drone x7  
  178  19:00  Drone x4  
  196  19:12  Extractor  
  196  19:14  Extractor  
  196  19:16  Zergling x10  
  193  19:45  Corruptor x2  
  189  19:46  Corruptor x3  
  195  20:22  Corruptor  
  195  20:23  Corruptor  
  185  20:45  Corruptor x3  
  185  20:46  Corruptor x2  
Tags
 
Add a new tag
Caveats
  • Supply blocks, unpowered buildings, or Contaminate may cause inaccurate times.
  • Supply counts are checked every 10 seconds.